 Dungeon Crawl Stone Soup version 0.21-a0-361-g4efd3f9 (webtiles) character file.

12583 tidbits the Martial Artist (level 11, 94/94 HPs)
             Began as a Demigod Transmuter on Oct 13, 2017.
             Quit the game on level 9 of the Dungeon.
             The game lasted 00:47:13 (5936 turns).

tidbits the Martial Artist (Demigod Transmuter)     Turns: 5936, Time: 00:47:13

Health: 94/94      AC:  9    Str: 13    XL:     11   Next: 38%
Magic:  20/20      EV: 17    Int: 23    God:
Gold:   398        SH:  0    Dex: 16    Spells: 7/18 levels left

rFire    . . .     SeeInvis +     - Unarmed
rCold    . . .     Gourm    .   (no shield)
rNeg     . . .     Faith    .   B - +0 troll leather armour
rPois    .         Spirit   .   E - +2 hat
rElec    .         Reflect  .   (no cloak)
rCorr    .         Harm     .   G - +0 pair of gloves
MR       +....                  (no boots)
Stlth    ++........             W - amulet of magic regeneration
HPRegen  0.65/turn              S - ring of see invisible
MPRegen  0.42/turn              P - ring of flight

@: no status effects
A: iridescent scales 1, blink, high mp 1
a: Blink, Evoke Flight


You were on level 9 of the Dungeon.
You were not hungry.

You visited 1 branch of the dungeon, and saw 13 of its levels.
You also visited: Sewer.

You collected 636 gold pieces.
You spent 238 gold pieces at shops.

Inventory:

Hand Weapons
 a - a +0 blowgun
 f - a +0 scythe
 p - a +0 hunting sling
 t - a +0 morningstar
 w - the +3 quarterstaff of Qoecigi {elec, rF+ MR+}
   (You found it on level 6 of the Dungeon)

   Occasionally, upon striking a foe, it will discharge some electrical energy
   and cause terrible harm.
   It protects you from fire.
   It affects your resistance to hostile enchantments.
 K - a +1 hand axe of venom
   (You took it off an orc on level 9 of the Dungeon)
Missiles
 x - a throwing net {!f}
 y - 44 arrows
 A - 41 sling bullets
 L - 11 tomahawks
 M - 5 tomahawks of returning (quivered)
 R - 6 javelins
Armour
 B - a +0 troll leather armour (worn)
 E - a +2 hat (worn)
 F - a +0 buckler
 G - a +0 pair of gloves (worn)
 V - a +1 ring mail of fire resistance
   (You took it off an orc on level 11 of the Dungeon)
Magical Staves
 Q - an uncursed staff of poison {unknown}
   (You found it on level 8 of the Dungeon)
Jewellery
 j - an uncursed ring of protection from cold
   (You found it on level 8 of the Dungeon)
 P - a ring of flight (right hand)
   (You found it on level 12 of the Dungeon)
 S - a ring of see invisible (left hand)
   (You took it off a gnoll on level 11 of the Dungeon)
 W - an amulet of magic regeneration (around neck)
   (You found it on level 12 of the Dungeon)
 X - an uncursed amulet of faith {unknown}
   (You found it on level 12 of the Dungeon)
Wands
 h - a wand of disintegration (12/24)
 q - a wand of paralysis (6/24)
 s - a wand of flame (24/48)
 O - a wand of random effects (36/48)
 T - a wand of iceblast (6/15)
 Y - a wand of digging (4/24)
Scrolls
 e - 2 scrolls of amnesia
 g - a scroll of blinking {unknown}
 l - 3 scrolls of fog {unknown}
 m - a scroll of enchant armour {unknown}
 r - a scroll of remove curse
 H - a scroll of vulnerability {unknown}
 I - 7 scrolls of teleportation
 N - a scroll of immolation {unknown}
 U - a scroll of random uselessness {unknown}
Potions
 b - a potion of cancellation {unknown}
 k - 2 potions of magic {unknown}
 n - 5 potions of curing
 o - 3 potions of flight
 v - a potion of ambrosia {unknown}
 C - 3 potions of agility
 D - 3 potions of heal wounds
 J - a potion of mutation {!q}
 Z - a potion of might {unknown}
Books
 c - a book of Changes

   Spells                             Type                      Level
   a - Beastly Appendage              Transmutation                1
   b - Sticks to Snakes               Transmutation                2
   c - Spider Form                    Transmutation/Poison         3
   d - Ice Form                       Ice/Transmutation            4
   e - Blade Hands                    Transmutation                5
Comestibles
 d - 10 bread rations
 i - 12 fruits
 u - 5 royal jellies
 z - 5 meat rations


   Skills:
 + Level 7.8 Fighting
 + Level 8.0 Dodging
 - Level 1.0 Stealth
 + Level 9.9 Unarmed Combat
 - Level 4.1 Spellcasting
 + Level 8.6 Transmutations


You had 7 spell levels left.
You knew the following spells:

 Your Spells              Type           Power        Failure   Level  Hunger
e - Beastly Appendage     Tmut           #####.       1%          1    None
h - Blade Hands           Tmut           #####.....   10%         5    ######.
k - Sticks to Snakes      Tmut           #####...     1%          2    #......
p - Spider Form           Tmut/Pois      ###.......   7%          3    ##.....


Dungeon Overview and Level Annotations

Branches:
Dungeon (13/15)              Lair (0/6) D:10
 Temple: D:4-7          Orc: D:9-12      Vaults: D:13-14

Shops:
D:10 *


Innate Abilities, Weirdness & Mutations

You have an increased reservoir of magic. (+10% MP)
You are partially covered in iridescent scales. (AC +2)
You can translocate small distances at will.


Message History

Casting: Sticks to Snakes
Confirm with . or Enter, or press ? or * to list all spells.
You create 2 snakes!
You now have 44 arrows.
You slice the two-headed ogre!! You slash the two-headed ogre!
The two-headed ogre is almost dead.
The two-headed ogre completely misses you. x2
You slash the two-headed ogre!
You kill the two-headed ogre!
Your Dodging skill increases to level 8!
Things that are here:
a giant spiked club; a giant club A black bear comes into view.
Found 12 gold pieces and a polished glaive.
You hit the black bear.
The black bear is lightly wounded.
The black bear bites you. The black bear claws you.
The black bear claws you but does no damage.
You barely miss the black bear.
The black bear is lightly wounded.
Your adder bites the black bear.
The black bear bites you but does no damage.
The black bear closely misses you. x2
You slice the black bear!!
You kill the black bear!
You see here a black bear corpse.
You now have 370 gold pieces (gained 12).
You see here a polished glaive.
You can't carry that many items.
Drop what? 52/52 slots (_ for help) (? for menu, Esc to quit)
You drop a mace of venom.
You drop 41 bolts.
g - a polished glaive You can't wield anything in your present form.
Okay, then.
Unknown command.
You blink.
You feel slightly more hungry.
You can't wield anything in your present form.
There are no items here.
Unknown command.
Unknown command.
Your hands revert to their normal proportions.
The +3 quarterstaff of Qoecigi {elec, rF+ MR+} unmelds from your body.
Your +0 pair of gloves unmelds from your body.
You hear the crackle of electricity.
Wield which item (- for none, * to show all)? (? for menu, Esc to quit)
The +3 quarterstaff of Qoecigi {elec, rF+ MR+} stops crackling.
You feel magic leave you.
g - the +3 glaive "Amuapu" (weapon)
{antimagic, rElec rC+} Drop what? 51/52 slots (_ for help) (? for menu, Esc to quit)
You feel magic returning to you.
You are now empty-handed.
You drop the +3 glaive "Amuapu" {antimagic, rElec rC+}.
You swap places.
Your adder withers and dies!
Your adder withers and dies!
Your magical contamination has completely faded away.
Found a scroll labeled DIDWUH CUCETZI.
You are feeling hungry.
g - a scroll labeled DIDWUH CUCETZI You eat one of the 13 fruits.
That choko was very bland.
Evoke which item? (* to show all) (? for menu, Esc to quit)
Aiming: Dig (will waste charges)
Press: ? - help, Shift-Dir - straight line, f - you The rock shatters into small pieces.
Evoking this partially-identified wand wasted a few charges.
There is a stone staircase leading down, spattered with blood here.
Evoke which item? (* to show all) (? for menu, Esc to quit)
Aiming: Dig (will waste charges)
Press: ? - help, Shift-Dir - straight line, f - you Nothing appears to happen.
Unknown command.
Charge which item? (? for menu, Esc to quit)
As you read the scroll of recharging, it crumbles to dust.
Your wand of digging (?/24) {empty} glows for a moment.
Evoke which item? (* to show all) (? for menu, Esc to quit)
Aiming: Dig (will waste charges)
Press: ? - help, Shift-Dir - straight line, f - you The rock shatters into small pieces.
Evoking this partially-identified wand wasted a few charges.
Found a tapered iron wand.
h - a wand of disintegration (?/24)
You now have 383 gold pieces (gained 13).
You see here a throwing net {!f}.
x - a throwing net {!f}
There is a stone staircase leading up here.
You climb upwards.
There is a stone staircase leading down here.
Found a ring mail.
Found 15 gold pieces.
You now have 398 gold pieces (gained 15).
Found a short bone wand.
Your pack is full.
You see here a wand of paralysis (?/24).
Drop what? 52/52 slots (_ for help) (? for menu, Esc to quit)
Okay, then.
Drop what? 52/52 slots (_ for help) (? for menu, Esc to quit)
You drop 248 stones.
q - a wand of paralysis (?/24)
Found a rapier.
You see here a rapier.
Are you sure you want to abandon this character and quit the game? (Confirm with "yes".)

###########.#
#........###.###.##
)..)..# #.#
#............# #>..
#####.# #.#
#........###.###.##
#)# #.# ##.#.....#
#.....# #.# #.#
#.###.#####.###.#
#####.#####.####.#
#.####.## ##.#
....>.##.....[<#.#
#.....## #.
########.#####.#.#
######.## #.# ###.#
#.#@#########.###.##
#...#
#.#.........[..#.# #
#.#†#
#.#####.#######.####
#.#.#####.# #.#
#...## #.#.......#
#.# ###.##
#.######### #.#
#####.## #.# #.#
#....... #.# #)#
#.###.## #.# #.# #.#
#.#


There were no monsters in sight!

Vanquished Creatures
  4 two-headed ogres
  The ghost of wazuzu the Basher, a novice GrMo of Ru (D:8)
  The ghost of arkorax the Cleaver, a novice BaGl (D:7)
  An ugly thing (D:12)
  A troll (D:9)
  6 slime creatures (D:12)
  Sigmund (D:2)
  A shadow (D:8)
  A vampire (D:12)
  3 hogs (D:7)
  14 yaks
  A human (D:7)
  A soldier ant (D:12)
  2 hell hounds (D:10)
  4 orc warriors
  An ice beast (D:11)
  6 sky beasts
  3 black bears
  3 ogres
  A phantom (D:12)
  A necrophage (D:6)
  A centaur (D:11)
  2 big kobolds (Sewer)
  5 bullfrogs
  A scorpion (D:8)
  6 killer bees
  7 howler monkeys
  4 crimson imps
  A bullfrog zombie (D:10)
  3 hounds
  4 orc priests
  9 orc wizards
  A bullfrog skeleton (D:12)
  2 worker ants
  A killer bee zombie (D:7)
  2 hound skeletons
  7 gnolls
  13 adders
  3 river rats (Sewer)
  A shadow imp (D:12)
  3 oozes
  An adder zombie (D:8)
  A worm (D:2)
  3 dart slugs
  6 leopard geckos
  26 orcs
  9 bats
  3 giant cockroaches
  2 goblins (D:1)
  5 hobgoblins
  7 jackals
  20 kobolds
  A quokka (D:8)
  5 ball pythons
  10 frilled lizards
  35 rats
267 creatures vanquished.

Vanquished Creatures (collateral kills)
  A troll (D:12)
  A yak (D:10)
  A killer bee (D:10)
  An orc wizard (D:11)
  3 adders
  A river rat (D:5)
  A worm (D:3)
  An orc (D:10)
  A hobgoblin (D:3)
  A bat (D:2)
  A rat (D:3)
13 creatures vanquished.

Grand Total: 280 creatures vanquished

Notes
Turn   | Place    | Note
-------+----------+-------------------------------------------
     0 | D:1      | tidbits the Demigod Transmuter began the quest for the Orb.
     0 | D:1      | Reached XP level 1. HP: 15/15 MP: 5/5
   127 | D:1      | Reached skill level 1 in Fighting
   271 | D:1      | Reached skill level 3 in Unarmed Combat
   271 | D:1      | Reached skill level 2 in Transmutations
   271 | D:1      | Reached XP level 2. HP: 17/23 MP: 5/7
   275 | D:1      | Learned a level 2 spell: Sticks to Snakes
   487 | D:1      | Reached skill level 1 in Stealth
   539 | D:2      | Reached XP level 3. HP: 23/28 MP: 4/8
   754 | D:2      | Noticed Sigmund
   756 | D:2      | Gained mutation: You are partially covered in iridescent scales. (AC +2) [potion of mutation]
   756 | D:2      | Gained mutation: You can translocate small distances at will. [potion of mutation]
   802 | D:2      | Reached skill level 2 in Spellcasting
   807 | D:2      | Learned a level 3 spell: Spider Form
   846 | D:2      | Killed Sigmund
   846 | D:2      | Reached skill level 4 in Spellcasting
   846 | D:2      | Reached XP level 4. HP: 34/35 MP: 1/13
   846 | D:2      | Reached XP level 5. HP: 38/40 MP: 1/14
  1056 | D:4      | Noticed an ogre
  1202 | D:3      | Reached skill level 4 in Unarmed Combat
  1202 | D:3      | Reached skill level 3 in Transmutations
  1202 | D:3      | Reached XP level 6. HP: 28/47 MP: 4/15
  1443 | D:5      | Entered Level 5 of the Dungeon
  1697 | D:5      | Found a glowing drain.
  1701 | Sewer    | Entered a sewer
  1848 | Sewer    | Reached skill level 4 in Transmutations
  1924 | Sewer    | Reached XP level 7. HP: 14/52 MP: 7/16
  1948 | Sewer    | Reached skill level 5 in Unarmed Combat
  2422 | D:6      | Reached skill level 5 in Transmutations
  2501 | D:6      | Reached skill level 6 in Unarmed Combat
  2552 | D:6      | Reached skill level 2 in Dodging
  2554 | D:6      | Reached XP level 8. HP: 26/59 MP: 14/17
  2652 | D:6      | Reached skill level 2 in Fighting
  2675 | D:6      | Got a faintly glowing quarterstaff
  2829 | D:7      | Learned a level 5 spell: Blade Hands
  2830 | D:7      | Identified the cursed +3 quarterstaff of Qoecigi {elec, rF+ MR+} (You found it on level 6 of the Dungeon)
  2841 | D:7      | Reached skill level 3 in Dodging
  2849 | D:7      | Reached skill level 3 in Fighting
  2853 | D:7      | Reached skill level 7 in Unarmed Combat
  2856 | D:7      | Reached skill level 4 in Dodging
  3101 | D:7      | Reached skill level 4 in Fighting
  3333 | D:7      | Noticed arkorax's ghost (novice BaGl)
  3341 | D:7      | Killed arkorax's ghost
  3341 | D:7      | Reached XP level 9. HP: 49/72 MP: 11/18
  3508 | D:10     | Entered Level 10 of the Dungeon
  3510 | D:10     | Found a staircase to the Lair.
  3547 | D:9      | Reached skill level 5 in Dodging
  3547 | D:9      | Reached skill level 6 in Transmutations
  3605 | D:9      | Reached skill level 5 in Fighting
  3694 | D:8      | Noticed a two-headed ogre
  3699 | D:8      | Reached skill level 8 in Unarmed Combat
  3706 | D:8      | Killed a two-headed ogre
  3792 | D:8      | Found a hazy altar of Hepliaklqana.
  3893 | D:8      | Reached XP level 10. HP: 74/83 MP: 11/19
  3926 | D:8      | Reached skill level 6 in Dodging
  4023 | D:8      | Noticed wazuzu's ghost (novice GrMo)
  4030 | D:8      | Killed wazuzu's ghost
  4030 | D:8      | Reached skill level 6 in Fighting
  4030 | D:8      | Reached skill level 7 in Transmutations
  4449 | D:11     | Noticed a two-headed ogre
  4462 | D:11     | Killed a two-headed ogre
  4476 | D:11     | Reached skill level 9 in Unarmed Combat
  4567 | D:10     | Found a basalt altar of Yredelemnul.
  4590 | D:10     | Found Piesaama's General Store.
  4613 | D:10     | Bought a scroll of teleportation for 42 gold pieces
  4613 | D:10     | Bought a scroll of teleportation for 42 gold pieces
  4613 | D:10     | Bought a wand of iceblast (7/15) for 154 gold pieces
  4653 | D:10     | Reached skill level 7 in Dodging
  4763 | D:12     | Noticed a two-headed ogre
  4774 | D:12     | Killed a two-headed ogre
  4774 | D:12     | Reached skill level 7 in Fighting
  4890 | D:12     | Reached skill level 8 in Transmutations
  4904 | D:12     | Noticed a green ugly thing
  4905 | D:12     | Noticed a skeletal warrior
  4913 | D:12     | Reached XP level 11. HP: 70/92 MP: 12/20
  5301 | D:13     | Noticed a centaur warrior
  5717 | D:10     | Noticed a two-headed ogre
  5724 | D:10     | Killed a two-headed ogre
  5724 | D:10     | Reached skill level 8 in Dodging
  5743 | D:10     | Got a polished glaive
  5746 | D:10     | Identified the +3 glaive "Amuapu" {antimagic, rElec rC+} (You found it on level 10 of the Dungeon)
  5936 | D:9      | Quit the game

Vault maps used:
D:1:      dpeg_arrival_rhombus
D:2:      first_bread, kennysheep_generic_room_8, uniq_sigmund
D:3:      serial_glass, glass_columns_b, glass_columns_c, glass_columns_a,
          glass_columns_c, glass_columns_a, glass_columns_b, grunt_ministairs_9
D:4:      grunt_qazlal_clouds, hangedman_decor_slide_cut
D:5:      gup_sewer_entry_bowl, uniq_pikel
D:7:      minmay_temple_entry_butterflies, grunt_livestock,
          hangedman_decor_riveting, kennysheep_path_1
D:8:      basic_altar
D:10:     minmay_lair_entry_lava, serial_shops, shop_coins,
          yredelemnul_altar_generic
D:12:     kennysheep_ambush_hall, minmay_orc_entry_temple_small
D:13:     lightli_vaults_fourway_checkpoint, kennysheep_flooded_box,
          minmay_librarian, uniq_maurice
Sewer:    sewer_minmay_treatment

Skill      XL: |  1  2  3  4  5  6  7  8  9 10 11 |
---------------+----------------------------------+-----
Fighting       | 1 4 5 7 |  7.8
Unarmed Combat | 3 4 6 7 8 9 |  9.9
Transmutations | 2 3 4 5 6 8 |  8.6
Stealth        | 1 |  1.0
Spellcasting   | 4 |  4.1
Dodging        | 2 4 5 7 8 |  8.0

Action                   |  1- 3 |  4- 6 |  7- 9 | 10-12 || total
-------------------------+-------+-------+-------+-------++-------
Melee: Unarmed           |    98 |   171 |   247 |   197 ||   713
       Kick              |    12 |       |       |       ||    12
       Headbutt          |     6 |       |       |       ||     6
       Punch             |     2 |       |       |     8 ||    10
       Quarterstaff      |       |       |    10 |    12 ||    22
 Fire: Hunting sling     |     6 |       |       |       ||     6
Throw: Tomahawk          |       |       |     1 |       ||     1
 Cast: Beastly Appendage |    20 |     2 |       |       ||    22
       Sticks to Snakes  |     3 |     9 |     4 |    20 ||    36
       Spider Form       |     1 |    27 |    19 |       ||    47
       Blade Hands       |       |       |    12 |    26 ||    38
 Abil: End Transformatio |       |       |     2 |     2 ||     4
       Blink             |       |       |       |     1 ||     1
Evoke: Wand              |       |       |     8 |     5 ||    13
  Use: Potion            |     1 |       |     3 |     2 ||     6
       Scroll            |       |       |     6 |     4 ||    10
 Stab: Sleeping          |     4 |     4 |     3 |       ||    11
       Confused          |       |       |     1 |       ||     1
       Distracted        |       |       |       |     1 ||     1
  Eat: Chunk             |       |     7 |     8 |    13 ||    28
       Royal jelly       |       |       |     2 |       ||     2
       Fruit             |       |       |       |     4 ||     4
Armor: Robe              |    16 |     2 |     8 |       ||    26
       Skin              |       |     8 |     8 |       ||    16
       Troll leather arm |       |       |    10 |    22 ||    32
Dodge: Dodged            |    62 |   147 |   201 |   130 ||   540

Table legend:
 A = Spawn XP
 B = Non-spawn XP
 C = Spawn XP percentage of total XP
 D = Spawn monster count
 E = Non-spawn monster count
 F = Spawn count percentage of total count
 G = Total turns spent on level
                    A         B        C        D         E        F      G
               +---------+---------+-------+---------+---------+-------+---------
         Total |       0 |   17977 |   0.0 |       0 |     280 |   0.0 |  5936
               +---------+---------+-------+---------+---------+-------+---------
           D:1 |       0 |      38 |   0.0 |       0 |      17 |   0.0 |   518
           D:2 |       0 |     288 |   0.0 |       0 |      20 |   0.0 |   423
           D:3 |       0 |     168 |   0.0 |       0 |      35 |   0.0 |   340
           D:4 |       0 |       7 |   0.0 |       0 |       4 |   0.0 |   164
           D:5 |       0 |     315 |   0.0 |       0 |      14 |   0.0 |   474
           D:6 |       0 |     984 |   0.0 |       0 |      26 |   0.0 |   494
           D:7 |       0 |    1668 |   0.0 |       0 |      10 |   0.0 |   623
           D:8 |       0 |    2734 |   0.0 |       0 |      22 |   0.0 |   390
           D:9 |       0 |    1180 |   0.0 |       0 |      16 |   0.0 |   474
          D:10 |       0 |    4012 |   0.0 |       0 |      30 |   0.0 |   745
          D:11 |       0 |    2150 |   0.0 |       0 |      19 |   0.0 |   403
          D:12 |       0 |    4129 |   0.0 |       0 |      19 |   0.0 |   450
         Sewer |       0 |     304 |   0.0 |       0 |      48 |   0.0 |   434
               +---------+---------+-------+---------+---------+-------+---------

Table legend:
 A = Turns spent in this place as a percentage of turns spent in the entire game.
 B = Non-inter-level travel turns spent in this place as a percentage of non-inter-level travel turns spent in the entire game.
 C = Inter-level travel turns spent in this place as a percentage of turns spent in this place.
 D = Turns resting spent in this place as a percentage of non-inter-level travel turns spent in this place.
 E = Turns spent auto-exploring this place as a percentage of non-inter-level travel turns spent in this place.
 F = Non-inter-level travel turns spent in this place divided by the number of levels of this place that you've seen.
                   A       B       C       D       E      F
               +-------+-------+-------+-------+-------+----------------------
         Total | 100.0 | 100.0 |   0.8 |   1.5 |   0.0 | 420.7
       Dungeon |  92.7 |  92.6 |   0.8 |   1.7 |   0.0 | 419.7
         Sewer |   7.3 |   7.4 |   0.0 |   0.0 |   0.0 | 434.0
               +-------+-------+-------+-------+-------+----------------------

Table legend:
 A = Kills in this place as a percentage of kills in entire the game.
 B = Kills by you in this place as a percentage of kills by you in the entire game.
 C = Kills by friends in this place as a percentage of kills by friends in the entire game.
 D = Other kills in this place as a percentage of other kills in the entire game.
 E = Experience gained in this place as a percentage of experience gained in the entire game.
 F = Experience gained in this place divided by the number of levels of this place that you have seen.
                   A       B       C       D       E      F
               +-------+-------+-------+-------+-------+----------------------
         Total | 100.0 | 100.0 | 100.0 |   N/A | 100.0 | 1284.1
       Dungeon |  82.9 |  82.0 | 100.0 |   N/A |  98.3 | 1359.5
         Sewer |  17.1 |  18.0 |   0.0 |   N/A |   1.7 | 304.0
               +-------+-------+-------+-------+-------+----------------------

Vault maps used:
D:1:      dpeg_arrival_rhombus
D:2:      first_bread, kennysheep_generic_room_8, uniq_sigmund
D:3:      serial_glass, glass_columns_b, glass_columns_c, glass_columns_a,
          glass_columns_c, glass_columns_a, glass_columns_b, grunt_ministairs_9
D:4:      grunt_qazlal_clouds, hangedman_decor_slide_cut
D:5:      gup_sewer_entry_bowl, uniq_pikel
D:7:      minmay_temple_entry_butterflies, grunt_livestock,
          hangedman_decor_riveting, kennysheep_path_1
D:8:      basic_altar
D:10:     minmay_lair_entry_lava, serial_shops, shop_coins,
          yredelemnul_altar_generic
D:12:     kennysheep_ambush_hall, minmay_orc_entry_temple_small
D:13:     lightli_vaults_fourway_checkpoint, kennysheep_flooded_box,
          minmay_librarian, uniq_maurice
Sewer:    sewer_minmay_treatment
